 Dungeon Crawl Stone Soup version 0.31.0-32-g396128a36d (webtiles) character file.

Game seed: 11739545132581314572

45 raph the Firebug (level 3, -3/20 HPs)
             Began as a Deep Elf Fire Elementalist on Apr 15, 2024.
             Slain by a scorpion (4 damage)
             ... on level 4 of the Dungeon.
             The game lasted 00:02:58 (1777 turns).

raph the Firebug (Deep Elf Fire Elementalist)       Turns: 1777, Time: 00:02:59

Health: -3/20      AC:  3    Str: 11    XL:     3   Next: 42%
Magic:  7/9        EV: 13    Int: 21    God:
Gold:   154        SH:  0    Dex: 15    Spells: 3/8 levels left

rFire   . . .        d - +0 dagger (flame)
rCold   . . .        (no shield)
rNeg    . . .        a - +1 robe
rPois   .            (no helmet)
rElec   .            (no cloak)
rCorr   .            (no gloves)
SInv    .            (no boots)
Will    .....        (no amulet)
Stlth   ++           r - +6 ring of strength
HPRegen 0.23/turn    (no ring)
MPRegen 0.11/turn

%: no passive effects
@: lethally poisoned (-3 -> -7), very slightly contaminated
A: no striking features
a: no special abilities


You were on level 4 of the Dungeon.
You visited 1 branch of the dungeon, and saw 3 of its levels.

You collected 154 gold pieces.

Inventory:

Hand Weapons
 c - a +0 short sword
 d - a +0 dagger of flaming (weapon)
 m - a +0 dagger of speed
Armour
 a - a +1 robe (worn)
Jewellery
 h - a ring of ice
 r - a +6 ring of strength (left hand)
Scrolls
 j - a scroll of teleportation
 q - 2 scrolls of identify
Potions
 e - a potion of brilliance {unknown}
 k - a potion of mutation {unknown}
 n - 2 potions of degeneration
 o - a potion of might {unknown}
 p - a potion of lignification {unknown}


   Skills:
 * Level 1.1 Fighting
 + Level 2.7 Dodging
 + Level 2.8 Stealth
 + Level 3.3 Spellcasting
 * Level 2.0 Conjurations
 * Level 3.6 Fire Magic


You had 3 spell levels left.
You knew the following spells:

 Your Spells              Type           Power      Damage    Failure   Level
a - Foxfire               Conj/Fire      60%        2x1d7     4%          1
b - Scorch                Fire           36%        2d6       4%          2
c - Call Imp              Summ           6%         N/A       21%         2

Your spell library contained the following spells:

 Spells                   Type           Power      Damage    Failure   Level
 Momentum Strike          Conj/Tloc      14%        3d8       13%         2
 Inner Flame              Hex/Fire       11%        N/A       19%         3
 Volatile Blastmotes      Fire/Tloc      22%        2d11      19%         3
 Blink                    Tloc           6%         N/A       21%         2
 Lesser Beckoning         Tloc           6%         N/A       21%         2
 Sublimation of Blood     Necr           3%         N/A       21%         2
 Flame Wave               Conj/Fire      15%        2d7       38%         4
 Sculpt Simulacrum        Ice/Alch       1%         N/A       100%        6
 Ozocubu's Refrigeration  Ice            1%         4d7       100%        7
 Summon Hydra             Summ           1%         N/A       100%        7
 Polar Vortex             Ice            1%         N/A       100%        9


Dungeon Overview and Level Annotations

Branches:
Dungeon (2/15)

Altars:
The Shining One


Message History

Casting: Scorch (safe; 4% risk of failure)
Confirm with . or Enter, or press ? or * to list all spells.
Flames lash the scorpion.
The scorpion is lightly wounded.
The scorpion's fire resistance burns away.
The scorpion barely misses you.
Casting: Scorch (safe; 4% risk of failure)
Confirm with . or Enter, or press ? or * to list all spells.
You don't know that spell.
Unknown command.
The scorpion attacks as it pursues you! The scorpion stings you.
The scorpion is no longer more vulnerable to fire.
You closely miss the scorpion.
The scorpion is lightly wounded.
The scorpion completely misses you. The scorpion barely misses you.
You completely miss the scorpion.
The scorpion is lightly wounded.
You hear the rusting of a very distant drain.
The scorpion stings you.
You are poisoned.
The scorpion poisons you!
You completely miss the scorpion.
The scorpion is lightly wounded.
You feel very sick. The scorpion closely misses you.
You hit the scorpion but do no damage.
The scorpion is lightly wounded.
You feel sick. The scorpion stings you.
* * * LOW HITPOINT WARNING * * *
Magic courses through your body.
* * * LOW HITPOINT WARNING * * *
You feel sick. The scorpion barely misses you.
Casting: Scorch (safe; 4% risk of failure)
Confirm with . or Enter, or press ? or * to list all spells.
Flames lash the scorpion.
The scorpion is severely wounded.
The scorpion's fire resistance burns away.
* * * LOW HITPOINT WARNING * * *
You feel sick. The scorpion stings you.
You die...

### #.. #.# #####
#.#
...)########.#####
###.)....$.......#
##...###.###s# #..
#.# #@# ###
#.###.###.# ...#
#.........#
##..###
#####.######
'.....# #<...<.#
......#+##
######.####
.P~P.....##
#.......#
.P~P......##
##..#.##.#
..P........##
##..###.#.#


You could see a scorpion (combustible).

Vanquished Creatures
  An adder (D:4)
  A dart slug (D:1)
  An endoplasm (D:2)
  3 giant cockroaches
  2 hobgoblins (D:1)
  4 jackals
  3 kobolds
  A quokka (D:1)
  4 ball pythons (D:1)
  2 bats (D:2)
  3 frilled lizards
  5 goblins (D:1)
  2 rats (D:1)
32 creatures vanquished.

Vanquished Creatures (others)
  61 foxfires
61 creatures vanquished.

Grand Total: 93 creatures vanquished

Notes
Turn   | Place    | Note
-------+----------+-------------------------------------------
     0 | D:1      | raph the Deep Elf Fire Elementalist began the quest for the
                  | Orb.
     0 | D:1      | Reached XP level 1. HP: 10/10 MP: 6/6
   244 | D:1      | Reached XP level 2. HP: 16/16 MP: 4/8
   247 | D:1      | Learned a level 2 spell: Scorch
   696 | D:1      | Found a faded altar of an unknown god.
  1344 | D:2      | Reached XP level 3. HP: 20/20 MP: 4/9
  1421 | D:2      | Learned a level 2 spell: Call Imp
  1561 | D:2      | Reached skill level 1 in Fighting
  1621 | D:2      | You fall into a shaft and drop 2 floors!
  1676 | D:4      | Found a glowing golden altar of the Shining One.
  1758 | D:4      | Noticed a scorpion
  1777 | D:4      | HP: 1/20 [poisoned by a scorpion]
  1777 | D:4      | Slain by a scorpion

Illustrated notes

Levels and vault maps discovered:
D:1:      roderic_crop_circles_arrival_small, layout_loops_cross,
          shapermc_ecumenical_altar_mp_vishouse, chequers_serial_rivers_large_b
D:2:      cheibrodos_old_hovel, layout_basic, serial_bayou_lagoon_a,
          small_statue_intersection, grunt_ministairs_1,
          minmay_worlds_worst_comb
D:4:      layout_loops_corners, tso_oasis_becter, lemuel_tele_altar,
          serial_aquarium, aquarium_bridge_square [aquarium_subvault_window,
          aquarium_subvault_bridge, aquarium_subvault_window,
          aquarium_subvault_bridge], aquarium_bridge_square
          [aquarium_subvault_bridge, aquarium_subvault_wall,
          aquarium_subvault_bridge, aquarium_subvault_balcony],
          aquarium_window_fake, aquarium_window_1, aquarium_window_fake,
          aquarium_window_1, aquarium_view_2b, aquarium_view_2c,
          aquarium_balcony_5b, gup_sewer_entry_glass

Skill      XL: |  1  2  3 |
---------------+----------+-----
Fighting       | 1 |  1.1
Conjurations   | 2 |  2.0
Dodging        | |  2.7
Stealth        | |  2.8
Spellcasting   | |  3.3
Fire Magic     | |  3.6

Action                     || total
---------------------------++-------
  Melee: Short sword       ||     4
         Dagger            ||     8
   Cast: Foxfire           ||    38
         Scorch            ||    14
         Call Imp          ||     1
    Use: Scroll            ||     7
         Potion            ||     1
   Stab: Sleeping          ||     1
 Armour: Robe              ||    14
  Dodge: Dodged            ||    16
